 Dungeon Crawl Stone Soup version 0.29.1-12-g30fa7ad0bf (webtiles) character file.

Game seed: 7219915898135037198

26782 LustLizard the Marksspriggan (level 13, 0/63 HPs)
             Began as a Spriggan Hunter on Dec 27, 2022.
             Was a High Priest of Dithmenos.
             Killed by divine providence
             ... invoked by a meliai
              (11 damage)
             ... on level 13 of the Dungeon.
             The game lasted 00:31:57 (15096 turns).

LustLizard the Marksspriggan (Spriggan Hunter)     Turns: 15096, Time: 00:31:58

Health: 0/63       AC: 14    Str:  7    XL:     13   Next: 0%
Magic:  18/18      EV: 26    Int: 11    God:    Dithmenos [*****.]
Gold:   886        SH:  0    Dex: 23    Spells: 12/12 levels left

rFire   . . .      SeeInvis +   I - +1 arbalest (freeze)
rCold   . . .      Faith    .   (shield currently unavailable)
rNeg    . . .      Spirit   .   R - +1 acid dragon scales
rPois   +          Reflect  .   (helmet restricted)
rElec   .          Harm     .   N - +2 cloak {Stlth+}
rCorr   +          Rampage  .   (gloves unavailable)
Will    ++...                   (boots unavailable)
Stlth   +++++++++.              (no amulet)
HPRegen 0.20/turn               h - ring of poison resistance
MPRegen 0.16/turn               r - +4 ring of protection

@: wreathed by umbra, very quick
A: very small, no large weapons, unfitting armour, see invisible, speed 3
a: Renounce Religion, Shadow Step, Shadow Form


You were on level 13 of the Dungeon.
You worshipped Dithmenos.
Dithmenos was extremely pleased with you.
You visited 2 branches of the dungeon, and saw 14 of its levels.
You also visited: Ossuary and Bailey.

You collected 1149 gold pieces.
You spent 263 gold pieces at shops.

Inventory:

Hand Weapons
 I - a +1 arbalest of freezing (weapon)
 T - the +7 sling "Bung" {flame, Will+}
   (You took it off a spriggan in a bailey)

   Any ammunition fired from it burns those it strikes, dealing additional fire
   damage.
   Will:      It increases your willpower.
Missiles
 f - 93 poisoned darts
 t - 3 throwing nets
Armour
 N - a +2 cloak of stealth (worn)
 R - +1 acid dragon scales (worn)
 S - the +1 buckler of Greater Demons {rF+ Stlth+}
   (You took it off an orc wizard on level 8 of the Dungeon)

   rF:        It protects you from fire.
   Stlth:     It makes you more stealthy.
Jewellery
 h - a ring of poison resistance (left hand)
 n - a ring of magical power
 r - a +4 ring of protection (right hand)
 v - an amulet of faith
 w - a ring of ice
 L - a ring of fire
 Q - a ring of magical power
 U - a +6 ring of strength
 V - a ring of protection from cold
Wands
 c - a wand of light (7)
 y - a wand of polymorph (5)
 A - a wand of digging (1)
 H - a wand of mindburst (19)
 K - a wand of roots (18)
 Y - a wand of paralysis (2)
Scrolls
 b - 2 scrolls of immolation
 d - 5 scrolls of amnesia
 e - 3 scrolls of poison
 i - a scroll of blinking
 j - 4 scrolls of vulnerability {unknown}
 k - 5 scrolls of teleportation
 m - 5 scrolls of enchant armour
 s - 3 scrolls of magic mapping
 u - 4 scrolls of noise
 x - 2 scrolls of enchant weapon {unknown}
 B - 4 scrolls of fear {unknown}
 C - 2 scrolls of torment
 E - 3 scrolls of butterflies {unknown}
 G - a scroll of silence
 M - 4 scrolls of summoning {unknown}
 P - a scroll of brand weapon
Potions
 g - a potion of attraction
 l - 3 potions of ambrosia
 o - 8 potions of curing
 p - 4 potions of heal wounds
 q - 3 potions of mutation
 z - 5 potions of flight
 F - 3 potions of haste
 J - 7 potions of brilliance
 O - 3 potions of cancellation
 W - 2 potions of magic
 X - a potion of might
Miscellaneous
 a - a phantom mirror
 Z - a phial of floods


   Skills:
 + Level 5.2 Fighting
 * Level 17.6 Ranged Weapons
 - Level 12.0 Dodging
 - Level 9.7 Stealth
 + Level 5.8 Invocations


You had 12 spell levels left.
You didn't know any spells.
Your spell library contained the following spells:

 Spells                   Type           Power      Damage    Failure   Level
 Apportation              Tloc           0%         N/A       56%         1
 Freeze                   Ice            0%         1d3       56%         1
 Ensorcelled Hibernation  Hex/Ice        0%         N/A       71%         2
 Passwall                 Tmut/Erth      0%         N/A       71%         2
 Dazzling Flash           Conj/Hex       0%         N/A       90%         3
 Frozen Ramparts          Ice            0%         1d1       90%         3
 Inner Flame              Hex/Fire       0%         N/A       90%         3
 Ozocubu's Armour         Ice            0%         N/A       90%         3
 Spider Form              Tmut/Pois      0%         N/A       90%         3
 Swiftness                Air            0%         N/A       90%         3
 Cause Fear               Hex            0%         N/A       100%        4
 Hailstorm                Conj/Ice       0%         3d3       100%        4
 Ice Form                 Ice/Tmut       0%         N/A       100%        4
 Iskenderun's Mystic Bla  Conj/Tloc      0%         2d3       100%        4
 Alistair's Intoxication  Tmut/Pois      0%         N/A       100%        5
 Yara's Violent Unravell  Hex/Tmut       0%         3d3       100%        5
 Starburst                Conj/Fire      0%         6d3       100%        6
 Ozocubu's Refrigeration  Ice            0%         4d7       100%        7
 Discord                  Hex            0%         N/A       100%        8
 Necromutation            Tmut/Necr      0%         N/A       100%        8


Dungeon Overview and Level Annotations

Branches:
Dungeon (13/15)            Temple (1/1) D:6            Lair (0/5) D:8
    Orc (0/2) D:12        Ossuary (visited)          Bailey (visited)
 Vaults: D:13-14

Altars:
Ashenzari
Cheibriados
Dithmenos
Fedhas
Gozag
Hepliaklqana
Kikubaaqudgha
Nemelex Xobeh
Okawaru
Qazlal
Ru
Sif Muna
Trog
Uskayaw
Wu Jian
Xom
Yredelemnul
The Shining One

Shops:
D:4 *   D:5 *   D:6 ([?!   D:7 [   D:10 (   D:12 *

Annotations:
D:3 2 transporters, Jingleheimer's ghost, amateur FoFi
D:5 3 runed translucent doors, wormed's ghost, amateur KoBr
D:9 3 runed translucent doors, SirLogeyBear's ghost, novice HOBe


Innate Abilities, Weirdness & Mutations

You are very small and have problems with some larger weapons.
You are too small for most types of armour.
You have supernaturally acute eyesight. (SInv)
You cover ground extremely quickly. (Speed+++)


Message History

The vampire mosquito completely misses you.
The meliai calls down the wrath of its god upon you.
Something smites you! The vampire mosquito misses you.
The vampire mosquito attacks as you move away!
The vampire mosquito completely misses you.
The vampire mosquito attacks as you move away!
The vampire mosquito misses you.
The vampire mosquito attacks as you move away!
The vampire mosquito bites you but does no damage.
The vampire mosquito attacks as you move away!
The vampire mosquito bites you but does no damage.
The vampire mosquito barely misses you.
The vampire mosquito attacks as you move away!
The vampire mosquito bites you but does no damage.
The vampire mosquito attacks as you move away!
The vampire mosquito completely misses you.
The meliai calls down the wrath of its god upon you.
Something smites you! The vampire mosquito misses you.
The vampire mosquito attacks as you move away!
The vampire mosquito completely misses you.
You see here a shapeshifter corpse.
The meliai calls upon its god to heal the meliai.
The meliai's wounds heal themselves!
The vampire mosquito attacks as you move away!
The vampire mosquito misses you.
The vampire mosquito attacks as you move away!
The vampire mosquito completely misses you.
The meliai invokes the aid of its god against you.
Something smites you!
The vampire mosquito completely misses you.
The vampire mosquito attacks as you move away!
The vampire mosquito completely misses you.
The meliai mumbles some strange prayers to its god against you.
Something smites you!
* * * LOW HITPOINT WARNING * * *
The meliai calls down the wrath of its god upon you.
Something smites you!
You die...

## .####### ........
.######## .....†..######
#######..y...###########
######.y.........##
#############y@.......#
#.......(..##..#.#..#.#
#..........##...<...#.######
#..............#.#....#....#
#..........##....)...##.####
#..........##.......###.#
#.)........###....#####.#
#..........####.........#
#..........#.....########


You could see a vampire mosquito and 2 meliai.

Vanquished Creatures
  2 boulder beetles (D:13)
  3 two-headed ogres
  A centaur warrior (D:13)
  A hydra (D:11)
  3 death yaks (D:8)
  Amaemon (D:9)
  Lodul (D:10)
  4 skeletal warriors (D:11)
  A salamander (shapeshifter) (D:13)
  A manticore (D:12)
  Maurice (D:9)
  Joseph (D:7)
  2 gargoyles
  An orange demon (D:9)
  2 komodo dragons (D:11)
  A kobold demonologist (D:10)
  3 trolls
  Grinder (D:3)
  A hornet (D:9)
  6 slime creatures
  5 spriggans (Bailey)
  2 wyverns
  11 yaks
  A wraith (D:11)
  Eustachio (D:4)
  3 humans (D:7)
  4 steam dragons
  A basilisk (D:12)
  5 vampire mosquitoes (D:12)
  An acid dragon (D:8)
  4 wargs (D:12)
  Duvessa (D:7)
  9 orc warriors
  2 sky beasts
  2 ice beasts (D:6)
  9 ogres
  5 centaurs
  3 phantoms
  Blork the orc (D:4)
  18 kobold brigands
  2 necrophages
  A bullfrog (D:7)
  3 gnoll sergeants
  Dowan (D:7)
  6 wights
  16 killer bees
  7 howler monkeys
  4 centaur zombies (Ossuary)
  A jelly (D:6)
  4 hounds
  12 orc priests
  2 iguanas
  Jessica (D:3)
  18 orc wizards
  A hell rat (D:8)
  6 mummies
  Robin (D:4)
  4 adders
  28 gnolls
  A river rat (D:8)
  A white imp (D:7)
  An ufetubus (D:6)
  5 worms
  2 dart slugs
  42 orcs
  6 ball pythons
  5 endoplasms
  8 giant cockroaches
  10 goblins
  6 hobgoblins
  6 jackals
  30 kobolds
  9 quokkas
  5 bats
  2 frilled lizards
  4 hobgoblin zombies (Ossuary)
  A kobold zombie (D:8)
  An orc zombie (D:8)
  5 rats
393 creatures vanquished.

Vanquished Creatures (others)
  2 plants (D:4)
2 creatures vanquished.

Grand Total: 395 creatures vanquished

Notes
Turn   | Place    | Note
-------+----------+-------------------------------------------
     0 | D:1      | LustLizard the Spriggan Hunter began the quest for the Orb.
     0 | D:1      | Reached XP level 1. HP: 10/10 MP: 2/2
    49 | D:1      | Found a faded altar of an unknown god.
   154 | D:1      | Reached XP level 2. HP: 14/14 MP: 3/3
   531 | D:1      | Reached XP level 3. HP: 13/18 MP: 4/4
  1336 | D:2      | Reached skill level 5 in Ranged Weapons
  1520 | D:3      | Noticed Jessica
  1525 | D:3      | Killed Jessica
  1526 | D:3      | Reached XP level 4. HP: 13/22 MP: 5/5
  2052 | D:3      | Reached XP level 5. HP: 25/25 MP: 6/6
  2330 | D:3      | Reached skill level 6 in Ranged Weapons
  2333 | D:3      | Reached skill level 5 in Stealth
  2510 | D:3      | Found a transporter.
  2513 | D:3      | Noticed Jingleheimer's ghost (amateur FoFi)
  2517 | D:3      | Found a transporter.
  2565 | D:3      | Noticed Grinder
  2567 | D:3      | Paralysed by Grinder for 4 turns
  2996 | D:3      | Paralysed by Grinder for 2 turns
  3009 | D:3      | Killed Grinder
  3010 | D:3      | Reached skill level 7 in Ranged Weapons
  3010 | D:3      | Reached XP level 6. HP: 13/30 MP: 7/7
  3512 | D:4      | Found Rismovuw's Fire Supplies.
  3616 | D:4      | Noticed Blork the orc
  3633 | D:4      | Killed Blork the orc
  3634 | D:4      | Reached XP level 7. HP: 33/33 MP: 8/8
  4189 | D:4      | Noticed Eustachio
  4286 | D:4      | Killed Eustachio
  4287 | D:4      | Reached skill level 8 in Ranged Weapons
  4553 | D:4      | Noticed Robin
  4566 | D:4      | Killed Robin
  5114 | D:5      | Entered Level 5 of the Dungeon
  5134 | D:5      | Reached XP level 8. HP: 24/37 MP: 9/9
  5370 | D:5      | Reached skill level 9 in Ranged Weapons
  5617 | D:5      | Found Zaoclec's CLEARANCE SALE!.
  5621 | D:5      | Got the Incunabulum of Shapeshifting
  5624 | D:5      | Bought a +2 cloak for 82 gold pieces
  5680 | D:5      | Found a runed translucent gate.
  5681 | D:5      | Found a runed translucent gate.
  5682 | D:5      | Found a runed translucent gate.
  5683 | D:5      | Noticed wormed's ghost (amateur KoBr)
  5927 | D:6      | Found Yshosypt's Distillery.
  6198 | D:6      | Found a staircase to the Ecumenical Temple.
  6212 | Temple   | Entered the Ecumenical Temple
  6293 | Temple   | Became a worshipper of Dithmenos the Shadowed
  6536 | D:6      | Reached skill level 10 in Ranged Weapons
  6564 | D:6      | Found Sinkysuw's Magic Scroll Shoppe.
  6597 | D:6      | Found a glowing golden altar of the Shining One.
  6770 | D:6      | Found Qyelyru's Weapon Shoppe.
  6783 | D:6      | Bought a +1 arbalest of freezing for 181 gold pieces
  6856 | D:6      | Found Zuiffedu's Antique Armour Shop.
  7072 | D:6      | Found an ancient bone altar of Kikubaaqudgha.
  7167 | D:7      | Noticed Dowan
  7170 | D:7      | Killed Dowan
  7176 | D:7      | Noticed Duvessa
  7192 | D:7      | Reached * piety under Dithmenos
  7231 | D:7      | Killed Duvessa
  7408 | D:7      | Reached XP level 9. HP: 41/41 MP: 10/10
  7416 | D:7      | Reached skill level 5 in Dodging
  7745 | D:7      | Reached skill level 11 in Ranged Weapons
  7811 | D:7      | Noticed Joseph
  8098 | D:7      | Found an opulent altar of Gozag.
  8611 | D:7      | Found Ituphat's Armour Shop.
  8872 | D:7      | Killed Joseph
  9129 | D:8      | Identified the +1 buckler of Greater Demons {rF+ Stlth+}
  9134 | D:8      | Noticed a two-headed ogre
  9136 | D:8      | Reached skill level 12 in Ranged Weapons
  9149 | D:8      | Killed a two-headed ogre
  9150 | D:8      | Reached XP level 10. HP: 40/46 MP: 11/11
  9183 | D:8      | Found a snail-covered altar of Cheibriados.
  9186 | D:8      | Found a hide-covered altar of Uskayaw.
  9187 | D:8      | Found a sparkling altar of Nemelex Xobeh.
  9192 | D:8      | Found an ornate altar of the Wu Jian Council.
  9198 | D:8      | Found a basalt altar of Yredelemnul.
  9260 | D:8      | Found a sand-covered staircase.
  9267 | Ossuary  | Entered an ossuary
  9279 | Ossuary  | Reached ** piety under Dithmenos
  9621 | D:8      | Noticed a death yak
  9624 | D:8      | Noticed a death yak
  9638 | D:8      | Killed a death yak
  9639 | D:8      | Reached skill level 13 in Ranged Weapons
  9640 | D:8      | Noticed a death yak
  9644 | D:8      | Killed a death yak
  9649 | D:8      | Killed a death yak
  9692 | D:8      | Found a staircase to the Lair.
  9790 | D:8      | Reached skill level 14 in Ranged Weapons
  9790 | D:8      | Reached skill level 10 in Dodging
  9804 | D:8      | Found a stormy altar of Qazlal.
 10058 | D:9      | Reached *** piety under Dithmenos
 10186 | D:9      | Found a flagged portal.
 10209 | D:9      | Noticed Maurice
 10217 | D:9      | Noticed Amaemon
 10258 | D:9      | Killed Amaemon
 10259 | D:9      | Reached XP level 11. HP: 21/49 MP: 12/12
 10260 | D:9      | Killed Maurice
 10467 | Bailey   | Entered a bailey
 10604 | Bailey   | Identified the +7 sling "Bung" {flame, Will+}
 10611 | Bailey   | Noticed a two-headed ogre
 10647 | Bailey   | Killed a two-headed ogre
 10648 | Bailey   | Reached skill level 15 in Ranged Weapons
 11050 | D:9      | Reached **** piety under Dithmenos
 11330 | D:9      | Found a runed translucent gate.
 11330 | D:9      | Found a runed translucent gate.
 11330 | D:9      | Found a runed translucent gate.
 11331 | D:9      | Noticed SirLogeyBear's ghost (novice HOBe)
 11416 | D:10     | Entered Level 10 of the Dungeon
 11570 | D:10     | Reached ***** piety under Dithmenos
 11610 | D:10     | Reached skill level 1 in Invocations
 11825 | D:10     | Noticed Lodul
 12076 | D:10     | Reached skill level 16 in Ranged Weapons
 12154 | D:10     | Found Kywn's Weapon Shoppe.
 12255 | D:10     | Killed Lodul
 12430 | D:10     | Reached XP level 12. HP: 56/56 MP: 14/14
 12610 | D:11     | Noticed a two-headed ogre
 12614 | D:11     | Killed a two-headed ogre
 12641 | D:11     | Found a blossoming altar of Fedhas.
 12954 | D:11     | Noticed a five-headed hydra
 12958 | D:11     | Killed a five-headed hydra
 13390 | D:12     | Reached skill level 17 in Ranged Weapons
 13430 | D:12     | Found a staircase to the Orcish Mines.
 13602 | D:12     | Reached skill level 5 in Invocations
 14234 | D:12     | Found Vookuby's Assorted Antiques.
 14322 | D:13     | Noticed a centaur warrior
 14326 | D:13     | Killed a centaur warrior
 14327 | D:13     | Reached skill level 5 in Fighting
 14477 | D:13     | Noticed a boulder beetle
 14482 | D:13     | Killed a boulder beetle
 14517 | D:13     | Noticed a tengu warrior
 14517 | D:13     | Noticed a tengu warrior
 14548 | D:13     | Noticed a boulder beetle
 14844 | D:13     | Killed a boulder beetle
 15000 | D:13     | Reached XP level 13. HP: 60/63 MP: 18/18
 15096 | D:13     | Killed from afar by a meliai

Illustrated notes

Levels and vault maps discovered:
D:1:      onia_arrival_pentagram, layout_basic,
          dreamdust_ecumenical_altar_statues, nicolae_wormholes
D:2:      layout_basic
D:3:      layout_basic, gammafunk_ghost_mausoleum, uniq_grinder, uniq_jessica
D:4:      layout_loops_cross, nicolae_shop_fire_sale [nicolae_sub_dead_trees],
          hangedman_decor_push, chequers_big_river, uniq_blork_the_orc,
          uniq_eustachio, uniq_robin
D:5:      layout_cave_pools, gammafunk_ghost_necromancy, nicolae_shop_clearance
D:6:      layout_gridville, nicolae_overflow_crystal_walls,
          kiku_gazebo_pond_becter, minmay_temple_entry_offerings, serial_shops,
          nicolae_shop_stone, kennysheep_mini_moat, nicolae_shop_stone,
          nicolae_shop_bloodbath_and_beyond
D:7:      layout_loops_ring, mainiacjoe_overflow_24_doors, serial_shops,
          nicolae_shop_trees, minmay_ruffians, uniq_duvessa, uniq_joseph
D:8:      layout_cave_pools, nicolae_qazlal_scattered_showers,
          minmay_overflow_temple_star_hex, dpeg_lair_monsters,
          nicolae_ossuary_entry_giza
D:9:      layout_basic, ebering_ghost_rock_garden, enter_bailey_2,
          roderic_roman_lattice, uniq_maurice, uniq_amaemon
D:10:     layout_roguey [special_room_kobold], serial_shops,
          nicolae_shop_hallway_plus, uniq_lodul
D:11:     cheibrodos_steamvent, layout_rooms, fedhas_bush_and_centaur_altar
D:12:     layout_irregular_city, david_orc_4, serial_shops, shop,
          chequers_serial_rivers_marsh, minmay_misc_feat_five, nooodl_orcs_dogs
D:13:     minmay_two_paths, layout_rooms, lightli_vaults_fourway_checkpoint,
          st_stairs_14
Temple:   oiseaux_autumnal_temple

Skill      XL: |  1  2  3  4  5  6  7  8  9 10 11 12 |
---------------+-------------------------------------+-----
Stealth        | 2 3 4 6 8 9 |  9.7
Ranged Weapons | 5 7 8 10 12 14 16 17 | 17.6
Dodging        | 4 7 10 12 | 12.0
Invocations    | 2 5 |  5.8
Fighting       | 2 5 |  5.2

Action                   |  1- 3 |  4- 6 |  7- 9 | 10-12 | 13-15 || total
-------------------------+-------+-------+-------+-------+-------++-------
 Fire: Shortbow          |    94 |   138 |   329 |       |       ||   561
       Arbalest          |       |       |   102 |   702 |     4 ||   808
  Use: Scroll            |       |       |     8 |    15 |       ||    23
       Potion            |       |       |     1 |     1 |       ||     2
Armor: Robe              |     3 |     8 |    59 |    11 |       ||    81
       Acid dragon scale |       |       |       |    38 |     4 ||    42
Dodge: Dodged            |    19 |    32 |   286 |   351 |    15 ||   703
